 Dungeon Crawl Stone Soup version 0.30.1-3-gfc49f6343a (webtiles) character file.

Game seed: 8451482078898849074

263 monsoonserge the Slasher (level 5, 0/27 (39) HPs)
             Began as a Demonspawn Reaver on Aug 5, 2023.
             Slain by a black bear (2 damage)
             ... on level 4 of the Dungeon.
             The game lasted 00:07:36 (2935 turns).

monsoonserge the Slasher (Demonspawn Reaver)        Turns: 2935, Time: 00:07:37

HP:   0/27 (39)     AC:  4    Str: 12    XL:     5   Next: 97%
MP:   4/8           EV: 12    Int: 14    God:
Gold: 160           SH:  0    Dex: 20    Spells: 5/8 levels left

rFire   . . .        q - +4 dagger (drain)
rCold   . . .        (no shield)
rNeg    . . .        b - +0 leather armour
rPois   .            (helmet restricted)
rElec   .            p - scarf {repulsion}
rCorr   .            g - +0 pair of gloves
SInv    .            (no boots)
Will    .....        (no amulet)
Stlth   ++           i - +6 ring of dexterity
HPRegen 0.24/turn    (no ring)
MPRegen 0.11/turn

%: repel missiles
@: very slightly contaminated, very heavily drained
A: antennae 1
a: no special abilities


You were on level 4 of the Dungeon.
You visited 1 branch of the dungeon, and saw 4 of its levels.

You collected 160 gold pieces.

Inventory:

Hand Weapons
 a - a +0 falchion
 e - a +0 short sword
 q - a +4 dagger of draining (weapon)
 x - a +4 short sword
Missiles
 l - 4 poisoned darts
 w - 6 boomerangs
Armour
 b - a +0 leather armour (worn)
 g - a +0 pair of gloves (worn)
 j - a +0 scale mail
 m - a +0 chain mail
 p - a scarf of repulsion (worn)
Jewellery
 i - a +6 ring of dexterity (left hand)
Wands
 v - a wand of flame (25)
Scrolls
 d - 4 scrolls of teleportation {unknown}
 f - a scroll of amnesia {unknown}
 h - a scroll of summoning {unknown}
 n - 2 scrolls of noise {unknown}
 o - 5 scrolls of identify {unknown}
 u - a scroll of enchant weapon {unknown}
 y - a scroll of enchant armour {unknown}
Potions
 c - a potion of lignification {unknown}
 k - a potion of curing {unknown}
 r - 2 potions of haste {unknown}
 s - 2 potions of heal wounds {unknown}
 t - a potion of berserk rage {unknown}


   Skills:
 + Level 2.6 Fighting
 + Level 0.3(2.3) Short Blades
 - Level 3.7(3.8) Long Blades
 * Level 2.4 Armour
 + Level 2.2 Dodging
 + Level 0.9 Stealth
 + Level 2.0 Spellcasting
 + Level 3.2 Conjurations
 * Level 1.9 Hexes
 - Level 1.0 Necromancy
 * Level 0.6 Ice Magic


You had 5 spell levels left.
You knew the following spells:

 Your Spells              Type           Power      Damage    Failure   Level
a - Kiss of Death         Conj/Necr      28%        2d7       13%         1
b - Ensorcelled Hibernat  Hex/Ice        8%         N/A       26%         2

Your spell library contained the following spells:

 Spells                   Type           Power      Damage    Failure   Level
 Momentum Strike          Conj/Tloc      10%        3d8       24%         2
 Hailstorm                Conj/Ice       6%         3d4       38%         3
 Spider Form              Tmut/Pois      1%         N/A       65%         3
 Anguish                  Hex/Necr       2%         N/A       86%         4


Dungeon Overview and Level Annotations

Branches:
Dungeon (4/15)
 Temple: D:4-7

Altars:
Okawaru
Ru


Innate Abilities, Weirdness & Mutations

You have a pair of small antennae on your head.


Message History

Press: ? - help, Shift-Dir - straight line, f/p - black bear
Aim: a black bear (chance to affect: 37%)
Okay, then.
Casting: Ensorcelled Hibernation (dangerous; 26% risk of failure)
Confirm with . or Enter, or press ? or * to list all spells.
Aiming: Kiss of Death (safe; 13% risk of failure)
Press: ? - help, Shift-Dir - straight line, f/p - black bear
Aim: a black bear (100% to hit)
The negative energy hits the black bear.
The black bear is drained!
The black bear is moderately wounded.
You feel drained. The black bear bites you. The black bear claws you. x2
Okay, then.
Casting: Kiss of Death (safe; 13% risk of failure)
Confirm with . or Enter, or press ? or * to list all spells.
Aiming: Kiss of Death (safe; 13% risk of failure)
Press: ? - help, Shift-Dir - straight line, f/p - black bear
Aim: a black bear (moderately wounded, lightly drained, 100% to hit)
The negative energy hits the black bear!
The black bear is drained!
The black bear is severely wounded.
You feel drained.
The black bear goes berserk!
You hit the black bear.
The black bear is almost dead.
The black bear bites you. The black bear closely misses you. x2
Unknown command.
You hit the black bear.
The black bear is almost dead.
The black bear bites you. The black bear claws you. x2
The quokka bites you but does no damage.
The black bear closely misses you. The black bear misses you.
The black bear barely misses you.
You barely miss the black bear.
The black bear is almost dead.
The quokka bites you.
* * * LOW HITPOINT WARNING * * *
The black bear bites you.
* * * LOW HITPOINT WARNING * * *
The black bear claws you.
You die...

....... #...........
....... ##.........
.....$.###..........
........#...#####..
...........## ..
..........##
.........##
.........###...
.......@o......
......rh.......
.........#.....
......#..#.....
........#......
.....#..#......
..<.. .##.. ...
#...#.. ...


You could see a black bear (berserk, drained), an orc and a quokka.

Vanquished Creatures
  A scorpion (D:4)
  Jessica (D:2)
  Terence (D:1)
  An orc wizard (D:3)
  6 adders
  2 worms
  A dart slug (D:1)
  7 orcs (D:3)
  8 ball pythons
  5 endoplasms
  2 giant cockroaches
  4 goblins
  4 hobgoblins
  5 quokkas
  2 bats (D:1)
  2 frilled lizards
  3 kobolds
  5 rats
60 creatures vanquished.

Notes
Turn   | Place    | Note
-------+----------+-------------------------------------------
     0 | D:1      | monsoonserge the Demonspawn Reaver began the quest for the
                  | Orb.
     0 | D:1      | Reached XP level 1. HP: 16/16 MP: 3/3
   422 | D:1      | Gained mutation: You have a pair of small antennae on your
                  | head. [demonic ancestry]
   422 | D:1      | Reached XP level 2. HP: 22/22 MP: 5/5
   772 | D:2      | Noticed Terence
   873 | D:1      | HP: 1/22 [Terence/+0 falchion (3)]
   875 | D:1      | Killed Terence
   876 | D:1      | Reached XP level 3. HP: 2/27 MP: 4/6
  1082 | D:2      | Noticed Jessica
  1142 | D:2      | Found a faded altar of an unknown god.
  1247 | D:2      | Reached skill level 1 in Armour
  1247 | D:2      | Reached XP level 4. HP: 23/31 MP: 7/7
  1249 | D:2      | Killed Jessica
  1282 | D:1      | Learned a level 2 spell: Ensorcelled Hibernation
  1628 | D:2      | Found an iron altar of Okawaru.
  1838 | D:3      | Reached skill level 1 in Hexes
  1845 | D:3      | Reached XP level 5. HP: 26/33 MP: 8/8
  2022 | D:3      | Found a sacrificial altar of Ru.
  2876 | D:4      | Reached skill level 1 in Necromancy
  2923 | D:4      | Noticed a black bear
  2935 | D:4      | Slain by a black bear

Illustrated notes

Levels and vault maps discovered:
D:1:      amcnicky_arrival_flooded_fountain, layout_basic,
          kennysheep_another_room
D:2:      layout_rooms, dilly_ecumenical_altar_fadedgnrine, basic_altar,
          kennysheep_donut, minmay_unequal, uniq_terence, uniq_jessica
D:3:      layout_basic, mainiacjoe_overflow_tiny_flanked
D:4:      layout_cave_pods, nicolae_hepliaklqana_hazy_memory,
          nicolae_qazlal_scattered_showers, uniq_pikel

Skill      XL: |  1  2  3  4  5 |
---------------+----------------+-----
Long Blades    | 3 |  3.7
Dodging        | 2 |  2.2
Armour         | 1 2 |  2.4
Hexes          | 1 |  1.9
Necromancy     | 1 |  1.0
Fighting       | |  2.6
Short Blades   | |  0.3
Stealth        | |  0.9
Spellcasting   | |  2.0
Conjurations   | |  3.2
Ice Magic      | |  0.6

Action                     |  1- 3 |  4- 6 || total
---------------------------+-------+-------++-------
  Melee: Falchion          |   100 |       ||   100
         Punch             |     2 |     1 ||     3
         Dagger            |       |    84 ||    84
   Cast: Kiss of Death     |     2 |     4 ||     6
   Stab: Sleeping          |     1 |     1 ||     2
 Armour: Leather armour    |    37 |    28 ||    65
  Dodge: Dodged            |    72 |    40 ||   112
